AoeStats
← Bombacı Mülayim

Nomad

509940579Analyzed
2v2 RM · 2d ago on Sep 28, 2026· 27m 53s· 4 players
Game mode
Random Map
Map size
176×176
Population
200
Speed
Normal
Resources
Standard
Victory
Conquest
Starting age
Dark Age
Ending age
Imperial Age
RankedLock teamsTeams togetherTeam positionsShared explorationLock speedFull tech treeHidden civsTurbo modeCheats
Victory
Defeat
🇩🇰 Koreans · Denmark
1517
+14
🇪🇸 Dravidians · Spain
1465
+16
🇹🇷 Spanish · Türkiye
1467
-15
🇷🇴 Varangians · Romania
1460
-15
Skayne
5:55 Loom
13:39 Feudal Age
15:33 Fletching
20:47 Castle Age
22:27 Medium Warships
23:38 Double-Bit Axe
Bombacı Mülayim
12:10 Feudal Age
13:32 Loom
16:28 Castle Age
15:36 Double-Bit Axe
17:45 Bow Saw
19:56 Horse Collar
26:52 Town Watch
MISTER COLLEJAS
4:06 Loom
13:13 Feudal Age
13:55 Double-Bit Axe
14:54 Forging
14:47 Town Watch
16:42 Wheelbarrow
16:22 Fishing Lines
19:29 Castle Age
18:50 Stone Mining
18:51 Gold Mining
20:21 Bow Saw
21:14 Gillnets
23:10 Scale Mail Armor
23:45 Iron Casting
23:14 Squires
22:59 Arson
23:45 Fletching
Chello
4:54 Loom
14:16 Feudal Age
20:42 Castle Age
21:38 Medium Warships
22:08 Fletching
23:52 Double-Bit Axe
29:03 Wheelbarrow
Connection lost

Rejoining the realm…

Still unreachable

The connection could not be restored.

Session expired

The server has moved on; the page needs a fresh start.